 Dungeon Crawl Stone Soup version 0.23-a0-261-g133332c (webtiles) character file.

172349 namelastname112 the Unseen (level 17, -12/118 HPs)
             Began as a Green Draconian Enchanter on Sept 29, 2018.
             Was the Champion of Dithmenos.
             Killed from afar by a deep elf death mage (35 damage)
             ... with a bolt of negative energy
             ... on level 3 of the Elven Halls on Sept 30, 2018.
             The game lasted 01:41:57 (40210 turns).

namelastname112 the Unseen (DrEn)                  Turns: 40210, Time: 01:41:58

Health: -12/118    AC: 20    Str: 15 (16) XL:     17   Next: 41%
Magic:  22/25      EV: 18    Int: 25 (27) God:    Dithmenos [******]
Gold:   1528       SH:  5    Dex: 16 (19) Spells: 20/38 levels left

rFire    + . .     SeeInvis .   U - +1 rapier of Destiny {elec, Str+2 Int+6}
rCold    + . .     Gourm    .   N - +1 buckler {rC+ rF+}
rNeg     . . .     Faith    .   (armour unavailable)
rPois    +         Spirit   .   u - +1 hat
rElec    +         Reflect  .   v - +0 cloak
rCorr    .         Harm     .   m - +1 pair of gloves {Str+3}
MR       +....     Rnd*Rage +   a - +2 pair of boots Stlth +++++.....Rnd*Tele +
                                (no amulet)
HPRegen  0.29/turn              G - +4 ring of protection
MPRegen  0.19/turn              M - ring "Zoboisua" {+Blink +Fly rElec Str-3 Int+7 Dex+2}

@: wreathed by umbra, heavily drained, very slow
A: breathe noxious fumes, unfitting armour, stinger 1, [berserk 2], [blurry
vision 3], deterioration 1, [dopey 1], [frail 2], [low mp 2], poison resistance,
strong 1, teleportitis 1, cold-blooded, [subdued magic 1], AC +9
a: Breathe Noxious Fumes, Shadow Step, Shadow Form, Renounce Religion, Evoke
Blink, Evoke Flight


You were on level 3 of the Elven Halls.
You worshipped Dithmenos.
Dithmenos was exalted by your worship.
You were not hungry.

You visited 5 branches of the dungeon, and saw 27 of its levels.
You visited the Abyss 1 time.

You collected 2996 gold pieces.
You spent 1468 gold pieces at shops.

Inventory:

Hand Weapons
 d - a +2 dagger of venom
 x - a +0 dagger of distortion
 H - a +0 blowgun
 K - a +2 short sword of electrocution
 U - the +1 rapier of Destiny (weapon) {elec, Str+2 Int+6}
   (You found it on level 13 of the Dungeon)

   Occasionally, upon striking a foe, it will discharge some electrical energy
   and cause terrible harm.
   It affects your strength (+2).
   It affects your intelligence (+6).
Missiles
 e - 8 curare-tipped needles
Armour
 a - a +2 pair of boots (worn)
 m - a +1 pair of gloves of strength (worn)
 q - the +1 pair of boots "Dube Vyu" {rElec rF+ MR- Stlth+}
   (You found it on level 11 of the Dungeon)

   It protects you from fire.
   It insulates you from electricity.
   It affects your resistance to hostile enchantments.
   It makes you more stealthy.
 u - a +1 hat (worn)
 v - a +0 cloak (worn)
 N - a +1 buckler of resistance (worn)
Jewellery
 g - an uncursed ring of fire
 y - a cursed -4 ring of dexterity {unknown}
 z - the ring "Hekakuq" {Ice +Inv rPois Dex+5}
   (You found it on level 11 of the Dungeon)

   [ring of ice]

   It enhances your ice magic.
   It affects your dexterity (+5).
   It makes you vulnerable to fire.
   It protects you from cold.
   It protects you from poison.
   It lets you turn invisible.
 F - an uncursed ring of protection from cold
 G - a +4 ring of protection (left hand)
 M - the ring "Zoboisua" (right hand) {+Blink +Fly rElec Str-3 Int+7 Dex+2}
   (You bought it in a shop on level 2 of the Orcish Mines)

   [ring of dexterity]

   It affects your strength (-3).
   It affects your intelligence (+7).
   It affects your dexterity (+2).
   It insulates you from electricity.
   It lets you fly.
   It lets you blink.
Wands
 o - a wand of random effects (107)
 t - a wand of iceblast (45)
 B - a wand of flame (79)
 I - a wand of paralysis (18)
 S - a wand of enslavement (12)
Scrolls
 h - 5 scrolls of enchant armour
 i - 7 scrolls of magic mapping
 j - 5 scrolls of identify
 k - 3 scrolls of fear
 n - 15 scrolls of remove curse
 p - 4 scrolls of enchant weapon
 s - 2 scrolls of blinking
 C - 7 scrolls of fog
 D - 4 scrolls of amnesia
 O - 2 scrolls of immolation
 T - 2 scrolls of silence
 V - a scroll of acquirement
 Z - a scroll of summoning
Potions
 b - 7 potions of might
 f - 5 potions of curing
 l - a potion of berserk rage
 r - 3 potions of brilliance
 w - 3 potions of lignification
 A - 4 potions of mutation
 E - a potion of flight
 J - 3 potions of ambrosia
 L - 4 potions of resistance
 P - 3 potions of agility
 W - a potion of invisibility
Miscellaneous
 R - a fan of gales (inert)
 X - a phial of floods (inert)
Comestibles
 c - 43 rations


   Skills:
 + Level 12.9(10.5) Fighting
 + Level 12.0(9.6) Short Blades
 + Level 11.1(8.9) Dodging
 + Level 15.1(12.6) Stealth
 - Level 4.0(2.1) Shields
 + Level 11.3(9.0) Spellcasting
 + Level 14.0(11.5) Hexes


You had 20 spell levels left.
You knew the following spells:

 Your Spells              Type           Power        Failure   Level  Hunger
a - Corona                Hex            ######.      1%          1    None
c - Dazzling Spray        Conj/Hex       ####..       1%          3    None
d - Tukima's Dance        Hex            ######..     1%          3    None
s - Invisibility          Hex            ######..     7%          6    ######.
x - Confuse               Hex            ######..     1%          3    None
z - Ensorcelled Hibernat  Hex/Ice        ####..       1%          2    None

Your spell library contained the following spells:

 Spells                   Type           Power        Failure   Level  Hunger
 Confusing Touch          Hex            ######       1%          1    None
 Slow                     Hex            ######..     1%          2    None
 Animate Skeleton         Necr           N/A          5%          1    None
 Apportation              Tloc           #.....       5%          1    None
 Magic Dart               Conj           #...         5%          1    None
 Sandblast                Erth           #.....       5%          1    None
 Summon Butterflies       Summ           #.......     5%          1    None
 Summon Small Mammal      Summ           #...         5%          1    None
 Darkness                 Hex            ######....   7%          6    ######.
 Blink                    Tloc           N/A          9%          2    None
 Call Imp                 Summ           #.......     9%          2    None
 Passwall                 Tmut/Erth      #.......     9%          2    None
 Swiftness                Chrm/Air       #.......     9%          2    None
 Call Canine Familiar     Summ           #.......     17%         3    None
 Conjure Flame            Conj/Fire      #.......     17%         3    None
 Lesser Beckoning         Tloc           #.........   17%         3    None
 Mephitic Cloud           Conj/Pois/Air  #.......     17%         3    None
 Recall                   Summ/Tloc      N/A          17%         3    None
 Stone Arrow              Conj/Erth      #.....       17%         3    None
 Passage of Golubria      Tloc           N/A          52%         4    ##.....
 Petrify                  Tmut/Erth      #.......     52%         4    ##.....
 Alistair's Intoxication  Tmut/Pois      #.......     86%         5    ####...
 Lee's Rapid Deconstruct  Erth           #.........   86%         5    ####...
 Malign Gateway           Summ/Tloc      #.........   100%        7    #######


Dungeon Overview and Level Annotations

Branches:
Dungeon (15/15)            Temple (1/1) D:6            Lair (6/6) D:10
  Swamp (0/4) Lair:3       Spider (0/4) Lair:3        Slime (0/5) Lair:6
    Orc (2/2) D:11            Elf (3/3) Orc:2        Vaults (0/5) D:14
 Depths (0/5) D:15

Altars:
Ashenzari
Cheibriados
Dithmenos
Elyvilon
Fedhas
Gozag
Hepliaklqana
Kikubaaqudgha
Makhleb
Nemelex Xobeh
Okawaru
Qazlal
Ru
Sif Muna
Trog
Uskayaw
Vehumet
Wu Jian
Xom
Yredelemnul
Zin
The Shining One
Beogh
Jiyva

Shops:
D:6 }   D:7 :   D:10 }   D:15 *   Orc:2 [*=(   Elf:2 (

Annotations:
D:2 exclusion: 3 doors
D:14 1 runed door, Arum's ghost, journeyman DsGl
Lair:1 1 runed door, epen's ghost, journeyman SpMo


Innate Abilities, Weirdness & Mutations

You can breathe blasts of noxious fumes.
Your lurid green scales are hard. (AC +9)
You cannot fit into any form of body armour.
Your tail ends in a poisonous barb.
Your system is resistant to poisons. (rPois)
You are cold-blooded and may be slowed by cold attacks.
Your body sometimes deteriorates upon taking damage.
Your muscles are strong. (Str +2)
You are occasionally teleported next to monsters.
[You often lose your temper in combat.]
[Scrolls take you much longer to read.]
[You are dopey. (Int -2)]
[You are very frail. (-20% HP)]
[Your magical capacity is very low. (-20% MP)]
[Your spells are a little easier to cast, but a little less powerful.]


Message History

Unknown command.
Evoke which item? (* to show all) (? for menu, Esc to quit)
Aim the phial where?
Press: ? - help, Shift-Dir - straight line, f/p - deep elf death mage
Aim: a deep elf death mage, wielding a falchion of holy wrath (black smoke, The torrent of water hits the deep elf death mage.
The deep elf death mage is severely wounded.
The deep elf death mage is knocked back by the torrent of water.
The deep elf death mage slams into the rock wall!
The wave splashes down.
Splash!
You fall into the shallow water.
Moving in this stuff is going to be slow.
The water rises up and takes form.
You hear a shout! x5
Evoke which item? (* to show all) (? for menu, Esc to quit)
A fierce wind blows from the fan.
The deep elf death mage points at you and mumbles some strange words.
The bolt of negative energy hits you!
You feel drained.
You die...

...##..############ #######
.##*#..# .####..# .......#
##### ######.# ####...# #*
#.# #......## .#* #.#
#.<.[.).## #,** #.#
#.)....≈.# ### .#,**#.#
##.####@###### ##..
#.#,*#.####.####§e§)§.##
#.##
**,**#........##E####..# #.#
#......########## ##.## ###*
*#.#....#*,,,,* #...# *,,
#.###..##,,,,,* #.#.# *,,
.#* ##.#,,,**+* #.#.# *+* ##
#.#,,**,,**** #.#.# ****,,
#.#,,*,,,,,,***#...#***,,,,,


You could see a deep elf death mage and a friendly water elemental.

Vanquished Creatures
  Rupert (D:13)
  A deep elf blademaster (Elf:3)
  A deep elf master archer (Elf:3)
  An orc warlord (Orc:1)
  2 deep elf elementalists (Elf:3)
  3 deep elf demonologists (Elf:3)
  The ghost of Viudeg the Spry, a journeyman MiCK of Xom (Lair:6)
  4 deep elf annihilators
  An ettin (Orc:2)
  Snorg (Orc:1)
  4 deep elf death magi (Elf:3)
  3 deep elf high priests
  A vault guard (D:14)
  6 hydras
  A catoblepas (Lair:4)
  10 centaur warriors
  A death knight (D:14)
  An alligator (shapeshifter) (D:15)
  4 two-headed ogres
  A death yak (Lair:4)
  Urug (D:12)
  3 orc high priests
  A tengu warrior (D:15)
  20 deep elf knights
  A thrashing horror (Abyss:3)
  Sonja (Lair:5)
  A glowing orange brain (D:15)
  12 deep elf archers
  2 skeletal warriors (D:14)
  An unseen horror (D:13)
  6 orc knights
  Pikel (D:7)
  3 orc sorcerers
  A wolf spider (Lair:6)
  A faun (shapeshifter) (Elf:3)
  56 deep elf magi
  9 ugly things
  A mana viper (shapeshifter) (Elf:2)
  3 manticores
  4 cyclopes
  A manticore (shapeshifter) (D:15)
  14 elephants
  2 centaur zombies
  Maurice (D:12)
  7 black mambas
  2 torpor snails
  A gargoyle (D:14)
  9 spiny frogs
  Psyche (D:9)
  2 freezing wraiths (D:14)
  A kobold demonologist (D:13)
  9 komodo dragons
  A komodo dragon (shapeshifter) (D:14)
  2 rime drakes
  2 efreet (D:15)
  A yaktaur (shapeshifter) (D:15)
  2 tengu conjurers (D:15)
  9 trolls
  A redback zombie (D:15)
  A polar bear (shapeshifter) (D:15)
  A large abomination (Abyss:3)
  11 polar bears (Lair:6)
  4 hornets
  3 raiju (Lair:6)
  15 slime creatures
  13 blink frogs
  Prince Ribbit (D:9)
  2 hippogriffs (shapeshifter)
  6 hippogriffs
  3 air elementals
  A redback (shapeshifter) (Elf:2)
  6 redbacks (Elf:2)
  2 shadows
  3 wraiths
  3 spriggans (shapeshifter)
  A water elemental (Elf:1)
  7 wyverns
  3 hungry ghosts
  20 dancing weapons
  A basilisk (shapeshifter) (Elf:1)
  57 yaks
  A yak (shapeshifter) (D:15)
  3 fire elementals (Elf:2)
  3 basilisks
  A steam dragon (D:8)
  10 wargs
  2 vampire mosquitoes (D:15)
  12 water moccasins
  A small abomination (Abyss:3)
  14 hell hounds (Lair:6)
  46 orc warriors
  8 porcupines
  A hornet zombie (D:13)
  2 ice beasts
  12 black bears
  3 sky beasts
  An eye of draining (D:10)
  8 ogres
  7 phantoms
  A swamp drake (D:11)
  19 wolves
  A necrophage (D:6)
  18 centaurs
  Blork the orc (D:4)
  13 crocodiles
  2 big kobolds
  16 bullfrogs
  An earth elemental (Elf:2)
  3 scorpions
  A killer bee (shapeshifter) (D:15)
  8 wights
  2 electric eels (Lair:3)
  3 howler monkeys
  2 bullfrog zombies
  7 crimson imps
  4 jellies
  20 orc priests
  5 centaur skeletons
  6 hounds
  2 bullfrog skeletons
  6 iguanas
  27 orc wizards
  Natasha (twice) (D:4)
  2 hell rats (Lair:3)
  8 worker ants
  2 hound skeletons
  Robin (D:2)
  9 adders
  4 gnolls
  11 river rats (Lair:3)
  A shadow imp (D:5)
  A white imp (Abyss:3)
  An ooze (D:6)
  3 worms
  2 dart slugs (D:1)
  3 leopard geckos
  75 orcs
  A bat zombie (D:2)
  11 giant cockroaches
  19 goblins
  12 hobgoblins
  11 jackals
  9 kobolds
  3 quokkas
  A ball python (D:1)
  10 bats
  5 frilled lizards
  A quokka skeleton (D:4)
  5 rats
  A fungus (Lair:1)
  A plant (Lair:6)
926 creatures vanquished.

Vanquished Creatures (collateral kills)
  A two-headed ogre (D:9)
  2 orc warriors
  3 orcs
6 creatures vanquished.

Vanquished Creatures (others)
  Donald (Elf:2)
  A deep elf elementalist (Elf:2)
  A deep elf knight (Elf:3)
  A deep elf archer (Elf:1)
  An orc knight (D:11)
  A cyclops (D:11)
  2 redbacks (Elf:2)
  A yak (D:14)
  4 dancing weapons
  2 fire elementals (Elf:1)
  A sky beast (D:10)
  3 orc warriors (D:11)
  A black bear (D:10)
  A phantom (D:10)
  3 slaves (D:7)
  An ogre (D:7)
  A centaur (D:14)
  A bullfrog zombie (D:7)
  A hound (D:10)
  2 orc wizards
  A worker ant (D:7)
  A hound zombie (D:7)
  A hound skeleton (D:7)
  An adder (D:10)
  An ooze (D:7)
  An adder zombie (D:7)
  6 orcs
  2 giant cockroaches (Lair:3)
  A quokka (D:9)
  15 fungi
  12 plants
  A starspawn tentacle (Abyss:3)
73 creatures vanquished.

Grand Total: 1005 creatures vanquished

Notes
Turn   | Place    | Note
-------+----------+-------------------------------------------
     0 | D:1      | namelastname112 the Draconian Enchanter began the quest for
                  | the Orb.
     0 | D:1      | Reached XP level 1. HP: 14/14 MP: 3/3
   341 | D:2      | Reached XP level 2. HP: 21/22 MP: 5/5
   347 | D:2      | Learned a level 2 spell: Ensorcelled Hibernation
  1112 | D:2      | Reached skill level 1 in Fighting
  1214 | D:1      | Reached XP level 3. HP: 28/28 MP: 6/6
  1252 | D:1      | Reached skill level 3 in Stealth
  1410 | D:1      | Learned a level 3 spell: Confuse
  1930 | D:3      | Noticed Robin
  1936 | D:2      | Reached XP level 4. HP: 32/35 MP: 7/7
  2174 | D:2      | Killed Robin
  2330 | D:3      | Found a stormy altar of Qazlal.
  2623 | D:3      | Found a hide-covered altar of Uskayaw.
  2624 | D:3      | Found a sacrificial altar of Ru.
  2914 | D:4      | Reached XP level 5. HP: 37/41 MP: 3/8
  3236 | D:4      | Reached skill level 4 in Stealth
  3236 | D:4      | Reached XP level 6. HP: 48/48 MP: 4/10
  3328 | D:4      | Noticed Blork the orc
  3408 | D:4      | Found a deep blue altar of Sif Muna.
  3473 | D:4      | Killed Blork the orc
  3776 | D:3      | Learned a level 3 spell: Tukima's Dance
  4460 | D:4      | Your scales start taking on a lurid green colour.
  4460 | D:4      | Reached XP level 7. HP: 47/56 MP: 4/11
  4460 | D:4      | Gained mutation: Your system is resistant to poisons.
                  | (rPois) [Green Draconian growth]
  4539 | D:4      | Noticed Natasha
  4547 | D:4      | Killed Natasha
  4646 | D:4      | Noticed Natasha
  4652 | D:4      | Killed Natasha
  4688 | D:5      | Entered Level 5 of the Dungeon
  5319 | D:5      | Reached skill level 5 in Stealth
  5679 | D:5      | Found a glowing golden altar of the Shining One.
  6015 | D:5      | Reached XP level 8. HP: 62/63 MP: 10/13
  6079 | D:5      | Learned a level 3 spell: Dazzling Spray
  6125 | D:5      | Reached skill level 5 in Hexes
  6848 | D:6      | Reached skill level 6 in Stealth
  6880 | D:6      | Found a staircase to the Ecumenical Temple.
  6918 | Temple   | Entered the Ecumenical Temple
  6978 | Temple   | Became a worshipper of Dithmenos the Shadowed
  7086 | D:6      | Found Idghi's Gadget Shop.
  7213 | D:6      | Found an ornate altar of the Wu Jian Council.
  7263 | D:6      | Found a blossoming altar of Fedhas.
  7276 | D:6      | Found a hazy altar of Hepliaklqana.
  7388 | D:6      | Found a stormy altar of Qazlal.
  7547 | D:7      | Noticed Pikel
  7578 | D:7      | Killed Pikel
  7578 | D:7      | Reached XP level 9. HP: 33/71 MP: 1/15
  7931 | D:7      | Reached skill level 7 in Stealth
  8010 | D:7      | Found an ornate altar of the Wu Jian Council.
  8011 | D:7      | Found Wipeq's Book Shoppe.
  8013 | D:7      | Found a sand-covered staircase.
  8105 | D:7      | Found a basalt altar of Yredelemnul.
  8171 | D:7      | Got a twisted hunting sling
  8172 | D:7      | Identified the cursed +1 hunting sling "Ziaca" {freeze,
                  | rElec rPois} (You took it off an orc on level 7 of the
                  | Dungeon)
  8373 | D:8      | Reached skill level 5 in Fighting
  8612 | D:8      | Reached * piety under Dithmenos
  8614 | D:8      | Found a shimmering altar of Xom.
  8614 | D:8      | Found a shimmering altar of Xom.
  8615 | D:8      | Found a shimmering altar of Xom.
  8617 | D:8      | Found a shimmering altar of Xom.
  8651 | D:8      | Found a burning altar of Makhleb.
  8653 | D:8      | Noticed a blizzard demon
  8786 | D:8      | Reached skill level 5 in Short Blades
  8880 | D:9      | Noticed a troll
  8897 | D:9      | Killed a troll
  8897 | D:9      | Reached skill level 5 in Spellcasting
  9192 | D:9      | Noticed Psyche
  9199 | D:9      | Noticed a two-headed ogre
  9216 | D:9      | Killed Psyche
  9216 | D:9      | Reached XP level 10. HP: 22/80 MP: 9/17
  9219 | D:9      | Found an ancient bone altar of Kikubaaqudgha.
  9308 | D:9      | Killed a two-headed ogre
  9308 | D:9      | Reached skill level 5 in Dodging
  9431 | D:9      | Reached skill level 8 in Stealth
  9570 | D:9      | Noticed Prince Ribbit
  9633 | D:9      | Killed Prince Ribbit
  9713 | D:9      | Found a radiant altar of Vehumet.
 10120 | D:10     | Entered Level 10 of the Dungeon
 10238 | D:10     | Found Yttig's Gadget Emporium.
 10663 | D:10     | Found a staircase to the Lair.
 11109 | D:11     | Got a vibrating wooden ring
 11109 | D:11     | Noticed a two-headed ogre
 11110 | D:11     | Identified the ring "Hekakuq" {Ice +Inv rPois Dex+5} (You
                  | found it on level 11 of the Dungeon)
 11142 | D:11     | Noticed a cyclops
 11503 | D:11     | Found a staircase to the Orcish Mines.
 12016 | D:11     | Noticed a cyclops
 12048 | D:11     | Noticed a centaur warrior
 12052 | D:11     | Killed a cyclops
 12052 | D:11     | Reached skill level 9 in Stealth
 12052 | D:11     | Reached XP level 11. HP: 44/91 MP: 6/19
 12088 | D:11     | Reached ** piety under Dithmenos
 12238 | D:11     | Noticed a centaur warrior
 12254 | D:11     | Killed a centaur warrior
 12304 | D:11     | Noticed a centaur warrior
 12475 | D:11     | Noticed a deep elf knight
 12621 | D:11     | Killed a centaur warrior
 12770 | D:11     | Noticed a centaur warrior
 12776 | D:11     | Killed a centaur warrior
 12931 | D:11     | Found an iron altar of Okawaru.
 12931 | D:11     | Noticed an orc knight
 13091 | D:11     | Noticed a centaur warrior
 13101 | D:11     | Noticed a deep elf archer
 13108 | D:11     | Noticed a deep elf knight
 13127 | D:11     | Killed a deep elf archer
 13142 | D:11     | Killed a centaur warrior
 13342 | D:11     | Killed a deep elf knight
 13621 | D:11     | Banished an orc knight
 13630 | D:11     | Got a pair of slimy boots
 13977 | D:11     | Identified the +1 pair of boots "Dube Vyu" {rElec rF+ MR-
                  | Stlth+} (You found it on level 11 of the Dungeon)
 14235 | D:11     | Killed a deep elf knight
 14235 | D:11     | Reached skill level 10 in Stealth
 14242 | D:11     | Got a slimy falchion {protect}
 14282 | D:11     | Killed a centaur warrior
 14636 | D:12     | Noticed Urug
 14747 | D:12     | Gained mutation: Your body sometimes deteriorates upon
                  | taking damage. [mutagenic glow]
 14776 | D:12     | Gained mutation: Your muscles are strong. (Str +2)
                  | [mutagenic glow]
 14793 | D:12     | Noticed a deep elf mage
 14878 | D:12     | Killed Urug
 14878 | D:12     | Reached XP level 12. HP: 75/100 MP: 22/22
 15195 | D:12     | Reached *** piety under Dithmenos
 15236 | D:12     | Noticed a two-headed ogre
 15282 | D:12     | Killed a two-headed ogre
 15326 | D:12     | Noticed Maurice
 15343 | D:12     | Killed Maurice
 15568 | D:12     | Reached skill level 10 in Hexes
 15839 | D:12     | Identified the +4 falchion of Ehaarito {protect, +Fly
                  | Stlth+} (You took it off a deep elf knight on level 11 of
                  | the Dungeon)
 15865 | D:13     | Noticed a centaur warrior
 15869 | D:13     | Killed a centaur warrior
 15892 | D:13     | Noticed Rupert
 15967 | D:10     | Killed a two-headed ogre
 15981 | Lair:1   | Entered Level 1 of the Lair of Beasts
 16056 | D:10     | Reached skill level 11 in Stealth
 16756 | Lair:1   | Found a runed door.
 16758 | Lair:1   | Noticed epen's ghost (journeyman SpMo)
 16952 | Lair:1   | Noticed a four-headed hydra
 16957 | Lair:1   | Killed a four-headed hydra
 17229 | D:7      | Bought a book of Party Tricks for 600 gold pieces
 17236 | D:7      | Learned a level 6 spell: Invisibility
 17359 | Lair:2   | Malog: Што как
 17381 | Lair:2   | Malog: Опять дисменос
 17381 | Lair:2   | namelastname112: нормас
 17381 | Lair:2   | namelastname112: инвиз уже есть
 17420 | Lair:2   | Malog: А энчантер
 17652 | Lair:2   | Found a white marble altar of Elyvilon.
 17756 | Lair:2   | Reached XP level 13. HP: 108/108 MP: 24/24
 18194 | Lair:3   | Reached **** piety under Dithmenos
 18498 | Lair:3   | Found a staircase to the Swamp.
 19128 | Lair:3   | Found a hole to the Spider Nest.
 19561 | Lair:4   | Reached skill level 12 in Stealth
 19732 | Lair:4   | Malog: А инвиз изначально в книжке?
 19757 | Lair:4   | namelastname112: нет офк
 19757 | Lair:4   | namelastname112: это ебать просто было бы
 19757 | Lair:4   | namelastname112: будь он в начале
 19759 | Lair:4   | Reached ***** piety under Dithmenos
 20335 | Lair:4   | Malog: In 0.15 Invisibility was replaced by Dazzling Spray.
 20338 | Lair:4   | Malog: Помню же, что было
 20543 | Lair:4   | namelastname112: ??enslave
 20543 | Lair:4   | beem: enslave ~ enslavement[1/3]: A wand that temporarily
                  | turns an enemy into an ally. Useful on orc warriors and the
                  | like with low magic resistance. Can be very useful to
                  | enslave something, tell it to 'wait here' and get xp while
                  | it kills things off screen. Was also a spell (L4 Hexes) in
                  | 0.16 and earlier.
 21104 | Lair:5   | Noticed Sonja
 21107 | Lair:5   | Malog: enslave тоже было в этой книжке
 21115 | Lair:5   | Killed Sonja
 21184 | Lair:5   | You fall through a shaft!
 21184 | Lair:6   | Entered Level 6 of the Lair of Beasts
 21204 | Lair:6   | Gained mutation: Your tail ends in a poisonous barb. [Green
                  | Draconian growth]
 21204 | Lair:6   | Reached XP level 14. HP: 114/118 MP: 20/26
 21247 | Lair:6   | Found a viscous altar of Jiyva.
 21881 | Lair:5   | Malog: А почему прыжок не используешь?
 21973 | Lair:5   | Malog: Бесшумен вроде
 22430 | Lair:6   | namelastname112: какой прыжок
 22930 | Lair:6   | Reached skill level 10 in Fighting
 23163 | Lair:6   | Reached skill level 13 in Stealth
 23608 | Lair:6   | Identified the Incunabulum of Slavery
 23712 | Lair:6   | Reached ****** piety under Dithmenos
 24022 | Lair:6   | Found a staircase to the Slime Pits.
 24137 | Lair:6   | Found a runed door.
 24419 | Lair:6   | Noticed Viudeg's ghost (journeyman MiCK)
 24614 | Lair:6   | Killed Viudeg's ghost
 24810 | Orc:1    | Entered Level 1 of the Orcish Mines
 25646 | Orc:2    | Entered Level 2 of the Orcish Mines
 25648 | Orc:2    | Noticed an orc warlord
 26084 | Orc:2    | Noticed Snorg
 26089 | Orc:2    | Found a roughly hewn altar of Beogh.
 26270 | Orc:1    | Killed an orc warlord
 26684 | Orc:1    | Killed Snorg
 27146 | Orc:2    | Found Inischyn's Antique Weapon Shoppe.
 27161 | Orc:2    | Found Soehyco's General Store.
 27177 | Orc:2    | Found Hocoedgh's Antique Armour Shoppe.
 27184 | Orc:2    | Bought a buckler for 157 gold pieces
 27198 | Orc:2    | Found Fuiddib's Jewellery Shoppe.
 27205 | Orc:2    | Bought the ring "Zoboisua" {+Blink +Fly rElec Str-3 Int+7
                  | Dex+2} for 585 gold pieces
 27337 | Orc:2    | Found a roughly hewn altar of Beogh.
 27362 | Orc:2    | Found a staircase to the Elven Halls.
 27707 | Orc:2    | Reached XP level 15. HP: 128/128 MP: 22/28
 27824 | Elf:1    | Entered Level 1 of the Elven Halls
 28221 | Elf:1    | Reached skill level 1 in Shields
 28929 | Elf:1    | Reached skill level 10 in Short Blades
 30138 | Elf:2    | Found Ceorrom's Antique Weapon Shop.
 30560 | Elf:2    | Reached skill level 14 in Stealth
 31221 | Elf:2    | Found a runed gate.
 31221 | Elf:2    | Found a runed gate.
 31221 | Elf:2    | Found a runed gate.
 31265 | Elf:2    | Reached skill level 10 in Spellcasting
 31486 | Elf:2    | Reached skill level 10 in Dodging
 31486 | Elf:2    | Reached XP level 16. HP: 138/138 MP: 27/30
 31854 | Elf:2    | Noticed Donald
 31865 | Elf:2    | Killed Donald
 32229 | Elf:3    | Entered Level 3 of the Elven Halls
 32711 | Elf:3    | Got a smoking glass ring
 32712 | Elf:3    | Identified the ring of the Sunfish {rF+ MR- Str+8 Int-5
                  | Dex+5} (You found it on level 3 of the Elven Halls)
 33599 | Elf:3    | Noticed a deep elf blademaster
 33628 | Elf:3    | Killed a deep elf blademaster
 34275 | D:13     | Paralysed by Rupert for 6 turns
 34290 | D:13     | Killed Rupert
 34518 | D:13     | Got a smoking rapier
 34519 | D:13     | Identified the +1 rapier of Destiny {elec, Str+2 Int+6}
                  | (You found it on level 13 of the Dungeon)
 35639 | D:14     | Found a runed door.
 35639 | D:14     | Noticed Arum's ghost (journeyman DsGl)
 35989 | D:14     | Found a gate to the Vaults.
 36237 | D:15     | Entered Level 15 of the Dungeon
 36302 | D:15     | Found a glowing golden altar of the Shining One.
 36838 | D:15     | Reached XP level 17. HP: 145/148 MP: 32/32
 36909 | D:15     | Found Utukiph's Assorted Antiques.
 36946 | D:15     | Bought a scroll of teleportation for 63 gold pieces
 36946 | D:15     | Bought a scroll of teleportation for 63 gold pieces
 37540 | D:15     | Found a staircase to the Depths.
 38297 | Elf:3    | Noticed a deep elf master archer
 38303 | Elf:3    | Killed a deep elf master archer
 38337 | Elf:3    | Reached skill level 15 in Stealth
 39570 | Elf:3    | Identified a scroll of acquirement
 39592 | Elf:3    | Cast into level 3 of the Abyss (a deep elf demonologist)
 39819 | Abyss:3  | Found a corrupted altar of Lugonu.
 39895 | Abyss:3  | Noticed a bone dragon
 39899 | Abyss:3  | Gained mutation: You are occasionally teleported next to
                  | monsters. [a cacodemon]
 40181 | Elf:3    | Escaped the Abyss
 40210 | Elf:3    | Killed from afar by a deep elf death mage

Vault maps used:
D:1:      evilmike_arrival_sounds_zot, minmay_box_of_dots
D:2:      kennysheep_vampire_church
D:3:      chequers_temple_overflow_statue_of_worship,
          nicolae_qazlal_general_emergency, uniq_robin
D:4:      overflow_temple_1_default, uniq_blork_the_orc, uniq_natasha
D:5:      kennysheep_mini_moat, first_ration
D:6:      kennysheep_mini, minitemple, lemuel_round_altar,
          minmay_temple_entry_grid, serial_shops, shop_statue
D:7:      yredelemnul_altar_generic, basic_altar, serial_shops,
          nicolae_shop_crystal, enter_ossuary_1, uniq_pikel
D:8:      makhleb_altar_promises_db, xom_shifter_show
D:9:      lemuel_crystal_altar, basic_altar, blue_anna_alchemist,
          uniq_prince_ribbit1, uniq_psyche
D:10:     david_lair_shrubbed, serial_shops, shop
D:11:     evilmike_iron_armoury, erik_orc_1, hangedman_abyss_or_decor_stabs
D:12:     uniq_urug, uniq_maurice
D:13:     uniq_rupert
D:14:     david_vaults_5, gammafunk_ghost_grave, minmay_misc_feat_plants
D:15:     gammafunk_enter_depths_forms, nicolae_tso_carved_into_rock,
          serial_shops, shop, nooodl_orcs_dogs
Temple:   jpeg_temple_island
Lair:1:   ebering_ghost_reflecting_pool
Lair:2:   basic_altar, serial_bayou_pond_e, lemuel_fruit_fields
Lair:3:   swamp_mist_pool, nicolae_spider_entry_non_spiders, kennysheep_rathole,
          serial_bayou_shore_a
Lair:4:   nicolae_lair_yak_garden
Lair:5:   grunt_megastairs_2, uniq_sonja
Lair:6:   hangedman_lair_caniforms_friends, slime_altar_1,
          ebering_ghost_reflecting_pool, grunt_megastairs_1,
          lemuel_fruit_fields, lemuel_fruit_tree
Orc:2:    grunt_orc_cross, basic_altar, enter_volcano_2, uniq_snorg
Elf:1:    minivault_28
Elf:2:    serial_shops, shop, spider_trap, hangedman_elf_targetted_burst,
          uniq_donald
Elf:3:    grunt_elf_hall_branching
Abyss:3:  evilmike_abyss_exit_17, minivault_4, minivault_24

Skill      XL: |  1  2  3  4  5  6  7  8  9 10 11 12 13 14 15 16 17 |
---------------+----------------------------------------------------+-----
Dodging        | 2 3 4 5 6 7 8 9 10 11 | 11.1
Fighting       | 1 2 3 4 5 6 7 8 9 10 11 12 | 12.9
Stealth        | 3 4 5 6 7 9 10 11 12 13 14 15 | 15.1
Hexes          | 3 4 6 7 8 9 10 11 12 13 14 | 14.0
Short Blades   | 2 3 4 5 6 7 8 9 10 11 12 | 12.0
Spellcasting   | 3 4 5 6 7 8 9 10 11 | 11.3
Shields        | 4 |  4.0

Action                   |  1- 3 |  4- 6 |  7- 9 | 10-12 | 13-15 | 16-18 || total
-------------------------+-------+-------+-------+-------+-------+-------++-------
Melee: Dagger            |   133 |   197 |   467 |   700 |  1336 |       ||  2833
       Tailslap          |    11 |    21 |    50 |    89 |   230 |    98 ||   499
       Short sword       |       |       |       |       |    55 |   207 ||   262
       Rapier            |       |       |       |       |       |   410 ||   410
Throw: Throwing net      |       |       |       |     1 |       |       ||     1
 Cast: Corona            |     1 |       |     1 |     1 |     2 |     1 ||     6
       Ensorcelled Hiber |    11 |    12 |     8 |    54 |   154 |     2 ||   241
       Confuse           |       |    16 |    48 |    75 |    28 |     7 ||   174
       Dazzling Spray    |       |       |     4 |    13 |    63 |    64 ||   144
       Tukima's Dance    |       |       |     5 |    25 |     5 |     1 ||    36
       Invisibility      |       |       |       |       |    31 |    17 ||    48
Invok: Shadow Step       |       |       |       |       |     2 |     1 ||     3
 Abil: Breathe Noxious F |       |       |     4 |    16 |    13 |     3 ||    36
Evoke: Fan of gales      |       |       |       |       |       |     1 ||     1
       Phial of floods   |       |       |       |       |       |     1 ||     1
  Use: Potion            |       |     3 |       |     6 |     4 |     4 ||    17
       Scroll            |       |       |    19 |     4 |     7 |     9 ||    39
 Stab: Sleeping          |    17 |    10 |    12 |    44 |   158 |    67 ||   308
       Confused          |       |     1 |    21 |    35 |    19 |     3 ||    79
       Distracted        |       |       |     1 |     1 |     4 |     4 ||    10
       Invisible         |       |       |     1 |    13 |   154 |    77 ||   245
  Eat: Chunk             |     4 |     6 |     9 |    16 |    45 |    13 ||    93
       Ration            |       |     2 |     4 |     6 |     4 |     6 ||    22
Armor: Skin              |    32 |    64 |   103 |   144 |   301 |   109 ||   753
Dodge: Dodged            |    75 |   137 |   214 |   441 |  1245 |   422 ||  2534
Block: Buckler           |       |       |       |       |    53 |   142 ||   195

Table legend:
 A = Non-vault XP
 B = Vault XP
 C = Vault XP percentage of total XP
 D = Non-vault monster count
 E = Vault monster count
 F = Vault count percentage of total count
                 A         B        C        D         E       F
            +---------+---------+-------+---------+---------+-------
      Total |  154110 |   92104 |  37.4 |     685 |     265 |  27.9
            +---------+---------+-------+---------+---------+-------
        D:1 |      61 |       7 |  10.3 |      29 |       3 |   9.4
        D:2 |      25 |      29 |  53.7 |      12 |       8 |  40.0
        D:3 |      56 |       9 |  13.8 |      22 |       5 |  18.5
        D:4 |     514 |     141 |  21.5 |      24 |       2 |   7.7
        D:5 |     939 |       0 |   0.0 |      26 |       0 |   0.0
        D:6 |     771 |       0 |   0.0 |      12 |       0 |   0.0
        D:7 |     996 |     577 |  36.7 |      19 |       1 |   5.0
        D:8 |     911 |       0 |   0.0 |      14 |       0 |   0.0
        D:9 |    1635 |     758 |  31.7 |      16 |       3 |  15.8
       D:10 |    3031 |     378 |  11.1 |      25 |       1 |   3.8
       D:11 |    3408 |    8532 |  71.5 |      23 |      34 |  59.6
       D:12 |    5526 |    1336 |  19.5 |      33 |       2 |   5.7
       D:13 |    6888 |    2941 |  29.9 |      26 |       2 |   7.1
       D:14 |   14448 |    1018 |   6.6 |      40 |       1 |   2.4
       D:15 |   11572 |    6946 |  37.5 |      38 |      25 |  39.7
     Lair:1 |    3530 |       0 |   0.0 |      14 |       0 |   0.0
     Lair:2 |    4487 |       0 |   0.0 |      22 |       0 |   0.0
     Lair:3 |    7792 |     541 |   6.5 |      32 |      20 |  38.5
     Lair:4 |   10905 |    2420 |  18.2 |      40 |       5 |  11.1
     Lair:5 |    6028 |    1065 |  15.0 |      24 |       3 |  11.1
     Lair:6 |    9212 |   11916 |  56.4 |      24 |      61 |  71.8
      Orc:1 |    3430 |    4006 |  53.9 |      37 |       7 |  15.9
      Orc:2 |    2768 |    4278 |  60.7 |      30 |      30 |  50.0
      Elf:1 |   15410 |    6028 |  28.1 |      27 |      10 |  27.0
      Elf:2 |   20236 |   20847 |  50.7 |      44 |      27 |  38.0
      Elf:3 |   18363 |   18331 |  50.0 |      28 |      15 |  34.9
    Abyss:3 |    1168 |       0 |   0.0 |       4 |       0 |   0.0
            +---------+---------+-------+---------+---------+-------
